 Dungeon Crawl Stone Soup version 0.22.1-2-g9c5b331 (webtiles) character file.

14331 delarado the Thaumaturge (level 11, -4/62 HPs)
             Began as a Deep Elf Fire Elementalist on Dec 11, 2018.
             Was a Priest of Vehumet.
             Shot with a bolt by an orc knight (30 damage)
             ... on level 1 of the Orcish Mines on Dec 12, 2018.
             The game lasted 02:19:15 (19951 turns).

delarado the Thaumaturge (DEFE)                    Turns: 19951, Time: 02:19:16

Health: -4/62      AC:  7    Str:  5    XL:     11   Next: 87%
Magic:  3/37       EV: 17    Int: 29    God:    Vehumet [***...]
Gold:   678        SH:  0    Dex: 11    Spells: 18/33 levels left

rFire    . . .     SeeInvis .   q - +0 blowgun
rCold    . . .     Gourm    +   (no shield)
rNeg     . . .     Faith    .   f - +0 robe {MR+}
rPois    .         Spirit   .   L - +0 helmet
rElec    .         Reflect  .   (no cloak)
rCorr    .         Harm     .   P - +0 pair of gloves of Mezcal {Int+5 Dex-4} (curse)
MR       ++...                  v - +0 pair of boots
Stlth    ++........             W - amulet of the gourmand
HPRegen  0.20/turn              F - +2 ring of protection
MPRegen  0.25/turn              I - ring of magical power

@: no status effects
A: no striking features
a: Renounce Religion


You were on level 1 of the Orcish Mines.
You worshipped Vehumet.
Vehumet was most pleased with you.
You were very full.

You visited 4 branches of the dungeon, and saw 15 of its levels.
You also visited: Sewer.

You collected 799 gold pieces.
You spent 121 gold pieces at shops.

Inventory:

Hand Weapons
 i - a +1 dagger
 q - a +0 blowgun (weapon)
 C - a +0 trident
Missiles
 e - 256 stones
 r - 60 poisoned needles (quivered)
 G - 3 curare-tipped needles
 Q - 7 needles of sleeping
Armour
 a - a +0 robe
 f - a +0 robe of magic resistance (worn)
 g - a +0 cloak
 v - a +0 pair of boots (worn)
 y - a +0 pair of boots
 L - a +0 helmet (worn)
 P - the cursed +0 pair of gloves of Mezcal (worn) {Int+5 Dex-4}
   (You found it on level 8 of the Dungeon)

   It affects your intelligence (+5).
   It affects your dexterity (-4).
   It has a curse placed upon it.
Magical Staves
 w - an uncursed staff of poison
 S - an uncursed staff of wizardry
Jewellery
 h - an uncursed ring of wizardry
 D - a +1 ring of evasion
 F - a +2 ring of protection (left hand)
 I - a ring of magical power (right hand)
 T - an uncursed ring of resist corrosion
 W - an amulet of the gourmand (around neck)
Wands
 o - a wand of paralysis (4)
 t - a wand of iceblast (9)
 J - a wand of clouds (8)
 K - a wand of polymorph (12)
 N - a wand of digging (4)
 R - a wand of random effects (26)
 U - a wand of scattershot (5)
Scrolls
 d - 4 scrolls of teleportation
 j - a scroll of magic mapping
 m - a scroll of enchant armour
 n - 4 scrolls of blinking {unknown}
 s - 3 scrolls of random uselessness {unknown}
 E - 2 scrolls of fog {unknown}
 H - a scroll of enchant weapon
 M - a scroll of remove curse
 O - a scroll of amnesia
 Y - a scroll of vulnerability
 Z - a scroll of identify
Potions
 b - 2 potions of cancellation
 k - a potion of resistance
 l - 4 potions of curing
 p - 6 potions of might
 u - a potion of mutation
 x - 2 potions of magic
 z - 2 potions of lignification
 A - 2 potions of flight
 B - a potion of berserk rage
 X - a potion of agility {unknown}
Comestibles
 c - 13 rations


   Skills:
 + Level 4.4 Fighting
 + Level 10.5 Dodging
 - Level 2.4 Stealth
 - Level 11.7 Spellcasting
 - Level 10.7 Conjurations
 - Level 11.2 Fire Magic


You had 18 spell levels left.
You knew the following spells:

 Your Spells              Type           Power        Failure   Level  Hunger
a - Flame Tongue          Conj/Fire      #####        1%          1    None
b - Throw Flame           Conj/Fire      ######       1%          2    None
c - Conjure Flame         Conj/Fire      ######..     1%          3    None
d - Sticky Flame          Conj/Fire      ######..     1%          4    None
e - Fireball              Conj/Fire      ######....   1%          5    ##.....

Your spell library contained the following spells:

 Spells                   Type           Power        Failure   Level  Hunger
 Ignite Poison            Fire/Tmut/Pois #####...     1%          3    None
 Inner Flame              Hex/Fire       #####...     1%          3    None
 Animate Skeleton         Necr           N/A          3%          1    None
 Apportation              Tloc           ###...       3%          1    None
 Beastly Appendage        Tmut           ###...       3%          1    None
 Confusing Touch          Hex            ###...       3%          1    None
 Summon Small Mammal      Summ           ###.         3%          1    None
 Call Imp                 Summ           ###.....     4%          2    None
 Sticks to Snakes         Tmut           ###.....     4%          2    None
 Call Canine Familiar     Summ           ###.....     10%         3    None
 Confuse                  Hex            ###.....     10%         3    None
 Gell's Gravitas          Tloc           ###.......   10%         3    None
 Spider Form              Tmut/Pois      ###.......   10%         3    None
 Summon Guardian Golem    Hex/Summ       ###.....     10%         3    None
 Yara's Violent Unravell  Hex/Tmut       ###.......   22%         5    ##.....
 Ice Form                 Ice/Tmut       ###.....     30%         4    None
 Petrify                  Tmut/Erth      ###.....     30%         4    None
 Summon Ice Beast         Ice/Summ       ###.....     30%         4    None
 Summon Lightning Spire   Summ/Air       ###.....     30%         4    None
 Blade Hands              Tmut           ###.......   65%         5    ##.....
 Metabolic Englaciation   Hex/Ice        ###.......   65%         5    ##.....


Dungeon Overview and Level Annotations

Branches:
Dungeon (11/15)            Temple (1/1) D:7            Lair (2/6) D:10
  Snake (0/4) Lair:2          Orc (1/2) D:9
  Swamp: Lair:2-4    Shoals: Lair:2-4

Altars:
Ashenzari
Cheibriados
Dithmenos
Elyvilon
Fedhas
Gozag
Hepliaklqana
Kikubaaqudgha
Makhleb
Nemelex Xobeh
Okawaru
Qazlal
Ru
Sif Muna
Trog
Uskayaw
Vehumet
Wu Jian
Xom
Yredelemnul
Zin
The Shining One

Shops:
D:4 !

Annotations:
D:4 exclusion: downstairs
D:6 3 runed doors, bmj180's ghost, novice MiGl
Lair:1 exclusion: 2 downstairs


Message History

Casting: Fireball (safe; 1% risk of failure)
Confirm with . or Enter, or press ? or * to list all spells.
Aiming: Fireball (safe; 1% risk of failure)
Press: ? - help, Shift-Dir - straight line, f/p - orc knight
Aim: an orc knight, wielding an arbalest and wearing a plate armour (severely The fireball explodes!
The fireball engulfs the orc knight.
The orc knight is almost dead.
The orc knight shoots a bolt.
The bolt hits you!!
Casting: Fireball (safe; 1% risk of failure)
Confirm with . or Enter, or press ? or * to list all spells.
You don't have enough magic to cast that spell.
Unknown command.
Casting: Fireball (safe; 1% risk of failure)
Confirm with . or Enter, or press ? or * to list all spells.
Aiming: Throw Flame (safe; 1% risk of failure)
Press: ? - help, Shift-Dir - straight line, f/p - orc knight
Aim: an orc knight, wielding an arbalest and wearing a plate armour (almost The puff of flame misses the orc knight.
The orc knight shoots a bolt.
The bolt hits you!!
You die...

#.## #...###....#.....#..##
###..####......#......###.....
###......##....#.......###.....#
##.......##......####...###......
#............#.....###.##.#......
.....###....)##.#..#.####....##..
#....###....)#####....#......####
.#....#.)....##.#.(.######....###
##...##...#.....@..## ##...#..
.#o..o†..##......#.# #...#..
o.##...)..##....#### ##....#
.##.......##.....# #...##
.......#..#o#..### #####
......##..)###.# ....####....(>##
......#......#.##
.....###...###..##


You could see an orc knight.

Vanquished Creatures
  3 hydras
  An orc high priest (Orc:1)
  Maurice (Orc:1)
  A black mamba (Lair:1)
  2 spiny frogs (Lair:1)
  2 komodo dragons
  2 trolls
  4 hornets (D:9)
  2 hippogriffs
  9 yaks
  A hungry ghost (D:9)
  4 nagas (Lair:2)
  A warg (Orc:1)
  5 water moccasins
  11 orc warriors
  Duvessa (D:5)
  2 porcupines
  A black bear (Lair:1)
  2 ice beasts
  A necrophage (D:10)
  3 centaurs
  10 wolves (Lair:1)
  3 ogres
  3 big kobolds
  4 crocodiles
  5 bullfrogs
  A wyvern zombie (D:10)
  7 scorpions
  Dowan (D:5)
  3 killer bees (D:8)
  2 howler monkeys (D:7)
  4 wights (D:10)
  A bullfrog zombie (D:5)
  2 centaur skeletons
  5 orc priests
  4 hounds
  An iguana (D:10)
  12 orc wizards
  6 worker ants
  A hound skeleton (D:10)
  A howler monkey zombie (D:10)
  A worker ant zombie (D:8)
  A howler monkey skeleton (D:5)
  15 adders
  3 shadow imps
  2 oozes
  An adder skeleton (D:5)
  An adder zombie (D:7)
  4 worms
  2 dart slugs
  7 leopard geckos
  45 orcs
  2 ball pythons
  8 giant cockroaches
  9 goblins
  7 hobgoblins
  10 jackals
  10 quokkas
  7 bats
  10 frilled lizards
  A giant cockroach zombie (D:5)
  A jackal skeleton (D:3)
  20 kobolds
  A quokka skeleton (D:5)
  6 rats
  A plant (Lair:2)
310 creatures vanquished.

Vanquished Creatures (others)
  3 plants (D:10)
3 creatures vanquished.

Grand Total: 313 creatures vanquished

Notes
Turn   | Place    | Note
-------+----------+-------------------------------------------
     0 | D:1      | delarado the Deep Elf Fire Elementalist began the quest for
                  | the Orb.
     0 | D:1      | Reached XP level 1. HP: 10/10 MP: 6/6
   196 | D:1      | Reached XP level 2. HP: 15/15 MP: 6/8
   352 | D:1      | Learned a level 2 spell: Throw Flame
  1091 | D:2      | Reached XP level 3. HP: 19/19 MP: 6/9
  1482 | D:2      | Learned a level 3 spell: Conjure Flame
  1587 | D:2      | Found a white marble altar of Elyvilon.
  1600 | D:2      | Reached XP level 4. HP: 24/24 MP: 2/10
  1813 | D:2      | Found a basalt altar of Yredelemnul.
  2283 | D:3      | Found a sacrificial altar of Ru.
  2759 | D:3      | Found a glowing drain.
  2769 | Sewer    | Entered a sewer
  2777 | Sewer    | Reached XP level 5. HP: 28/28 MP: 5/11
  2780 | Sewer    | Reached skill level 5 in Fire Magic
  2881 | Sewer    | Learned a level 4 spell: Sticky Flame
  2913 | Sewer    | Noticed a crocodile
  2939 | Sewer    | Killed a crocodile
  3588 | D:3      | Reached XP level 6. HP: 30/32 MP: 5/12
  4812 | D:4      | Reached skill level 5 in Conjurations
  5336 | D:4      | Reached XP level 7. HP: 29/36 MP: 5/13
  5837 | D:4      | Found Buzohugo's Distillery.
  5840 | D:4      | Bought a potion of magic for 88 gold pieces
  5840 | D:4      | Bought a potion of flight for 33 gold pieces
  5888 | D:4      | Found a shattered altar of Ashenzari.
  6160 | D:5      | Entered Level 5 of the Dungeon
  6828 | D:5      | Noticed Duvessa
  7126 | D:5      | Noticed Dowan
  7149 | D:5      | Killed Dowan
  7388 | D:5      | Killed Duvessa
  7388 | D:5      | Reached skill level 5 in Spellcasting
  7576 | D:5      | Learned a level 5 spell: Fireball
  7816 | D:5      | Found a glowing silver altar of Zin.
  7819 | D:5      | Found a hazy altar of Hepliaklqana.
  7938 | D:5      | Found an ancient bone altar of Kikubaaqudgha.
  8205 | D:6      | Reached XP level 8. HP: 41/41 MP: 15/18
  8669 | D:6      | Found a sparkling altar of Nemelex Xobeh.
  8819 | D:6      | Found an opulent altar of Gozag.
  9110 | D:6      | Found a runed gate.
  9110 | D:6      | Found a runed gate.
  9110 | D:6      | Found a runed gate.
  9117 | D:6      | Noticed bmj180's ghost (novice MiGl)
  9565 | D:7      | Found a staircase to the Ecumenical Temple.
  9575 | Temple   | Entered the Ecumenical Temple
 10982 | D:8      | Got a pair of smoking gloves
 11049 | D:8      | Reached XP level 9. HP: 33/45 MP: 11/23
 11990 | D:9      | Paralysed by a hornet for 3 turns
 12144 | D:9      | Paralysed by a hornet for 1 turns
 12505 | D:9      | Identified the cursed +0 pair of gloves of Mezcal {Int+5
                  | Dex-4} (You found it on level 8 of the Dungeon)
 12643 | D:9      | Noticed a troll
 13042 | D:9      | Found a stormy altar of Qazlal.
 13102 | D:9      | Found a radiant altar of Vehumet.
 13123 | D:9      | Became a worshipper of Vehumet
 13371 | D:9      | Reached XP level 10. HP: 42/50 MP: 19/25
 13557 | D:9      | Found a staircase to the Orcish Mines.
 13564 | D:9      | Reached skill level 10 in Spellcasting
 13633 | D:9      | Reached skill level 10 in Fire Magic
 14034 | D:10     | Entered Level 10 of the Dungeon
 14040 | D:10     | Reached skill level 5 in Dodging
 14287 | D:10     | Reached * piety under Vehumet
 14287 | D:10     | Offered knowledge of Magic Dart by Vehumet.
 14484 | D:10     | Found a staircase to the Lair.
 14649 | D:10     | Reached skill level 10 in Conjurations
 15477 | D:11     | Noticed a white ugly thing
 15477 | D:11     | Noticed a gargoyle
 15657 | Lair:1   | Entered Level 1 of the Lair of Beasts
 15723 | Lair:1   | Offered knowledge of Sting by Vehumet.
 15726 | Lair:1   | Reached ** piety under Vehumet
 16225 | Lair:1   | Noticed a five-headed hydra
 16396 | Lair:1   | Noticed an eight-headed hydra
 16536 | Lair:1   | Noticed a black mamba
 16551 | Lair:1   | Killed a black mamba
 16783 | Lair:1   | Reached XP level 11. HP: 29/54 MP: 28/28
 17525 | Lair:1   | Killed an eight-headed hydra
 17714 | Lair:1   | Killed a five-headed hydra
 17877 | Lair:2   | Found a staircase to the Snake Pit.
 17881 | Lair:2   | Reached skill level 1 in Fighting
 18180 | Lair:2   | Noticed a seven-headed hydra
 18185 | Lair:2   | Killed a seven-headed hydra
 18349 | Lair:2   | Offered knowledge of Ignite Poison by Vehumet.
 18851 | Orc:1    | Entered Level 1 of the Orcish Mines
 19113 | Orc:1    | Noticed an orc high priest
 19115 | Orc:1    | Killed an orc high priest
 19115 | Orc:1    | Reached skill level 10 in Dodging
 19219 | Orc:1    | Noticed Maurice
 19299 | Orc:1    | Killed Maurice
 19499 | Orc:1    | Reached *** piety under Vehumet
 19936 | Orc:1    | Noticed an orc knight
 19951 | Orc:1    | Shot with a bolt by an orc knight

Skill      XL: |  1  2  3  4  5  6  7  8  9 10 11 |
---------------+----------------------------------+-----
Conjurations   | 2 3 4 5 6 8 9 10 | 10.7
Fire Magic     | 4 5 6 7 8 9 11 | 11.2
Spellcasting   | 5 8 9 11 | 11.7
Dodging        | 3 4 6 10 | 10.5
Fighting       | 4 |  4.4
Stealth        | |  2.4

Action                   |  1- 3 |  4- 6 |  7- 9 | 10-12 || total
-------------------------+-------+-------+-------+-------++-------
Melee: Dagger            |     9 |     7 |    22 |    27 ||    65
       Trident           |       |       |   104 |    18 ||   122
 Fire: Blowgun           |       |    48 |    13 |    29 ||    90
Throw: Stone             |    13 |     3 |     2 |       ||    18
       Throwing net      |       |       |     1 |       ||     1
 Cast: Flame Tongue      |    25 |    88 |    31 |     1 ||   145
       Throw Flame       |    33 |    53 |   136 |   145 ||   367
       Conjure Flame     |       |     7 |     1 |     2 ||    10
       Sticky Flame      |       |     1 |    42 |    42 ||    85
       Fireball          |       |       |     3 |    42 ||    45
Evoke: Wand              |       |       |     2 |     3 ||     5
  Use: Scroll            |     5 |     8 |     4 |     5 ||    22
       Potion            |       |     2 |       |     3 ||     5
  Eat: Ration            |     1 |     1 |     6 |     5 ||    13
       Chunk             |       |    10 |    12 |    14 ||    36
Armor: Robe              |     4 |     7 |    51 |    24 ||    86
Dodge: Dodged            |     9 |    30 |   127 |    76 ||   242
